 Dungeon Crawl Stone Soup version 0.17.1-3-g152610e (webtiles) character file.

7151 MrTails the Cleaver (level 10, -2/82 HPs)
             Began as a Demonspawn Gladiator on Feb 21, 2016.
             Was an Elder of Okawaru.
             Killed from afar by an electric eel (6 damage)
             ... with a bolt of electricity
             ... on level 10 of the Dungeon.
             The game lasted 00:31:58 (8718 turns).

MrTails the Cleaver (Demonspawn Gladiator)          Turns: 8718, Time: 00:31:58

Health: -2/82      AC: 19    Str: 19    XL:     10   Next: 86%
Magic:  0/10       EV: 16    Int:  9    God:    Okawaru [****..]
Gold:   292        SH:  6    Dex: 14    Spells: 0 memorised, 9 levels left

rFire  + + .     SeeInvis .     a - +1 war axe
rCold  . . .     Clarity  .     K - +2 scale mail {rF+}
rNeg   . . .     SustAt   +     P - +0 buckler {rF+}
rPois  .         Gourm    .     c - +0 helmet
rElec  .         Spirit   +     D - +0 cloak
rCorr  .         Warding  .     (gloves unavailable)
rMut   .         Stasis   .     (no boots)
MR     .....                    s - amulet of guardian spirit
Stlth  ++........               t - +5 ring of protection
                                o - ring of sustain attributes

@: heroism, not resistant to hostile enchantments, unstealthy
A: claws 3, repulsion field 1, spiny 2
a: Heroism, Renounce Religion


You were on level 10 of the Dungeon.
You worshipped Okawaru.
Okawaru was greatly pleased with you.
You were near starving.

You visited 2 branches of the dungeon, and saw 11 of its levels.
You also visited: Sewer.

You collected 528 gold pieces.
You spent 236 gold pieces at shops.

Inventory:

Hand Weapons
 a - a +1 war axe (weapon)
 u - a +0 mace of protection
 R - a +0 war axe
Missiles
 d - 6 throwing nets (quivered)
Armour
 c - a +0 helmet (worn)
 f - a +1 plate armour
 D - a +0 cloak (worn)
 H - a +0 buckler
 K - a +2 scale mail of fire resistance (worn)
 P - a +0 buckler of fire resistance (worn)
Jewellery
 o - a ring of sustain attributes (left claw)
 s - an amulet of guardian spirit (around neck)
 t - a +5 ring of protection (right claw)
 y - an uncursed amulet of faith
 Q - a cursed amulet of inaccuracy {unknown}
 U - an uncursed amulet of stasis {unknown}
Wands
 v - a wand of invisibility (7)
 C - a wand of slowing (22)
 F - a wand of confusion (34)
Scrolls
 b - 3 scrolls of magic mapping
 g - 5 scrolls of identify {unknown}
 h - 3 scrolls of recharging
 q - a scroll of fog
 w - 3 scrolls of teleportation {unknown}
 J - a scroll of enchant armour
 L - a scroll of enchant weapon
 N - 4 scrolls of remove curse
 V - a scroll of vulnerability {unknown}
Potions
 i - a potion of poison {unknown}
 j - 2 potions of curing
 l - a potion of ambrosia {unknown}
 m - 2 potions of flight
 n - 2 potions of brilliance {unknown}
 p - 2 potions of degeneration {unknown}
 r - a potion of heal wounds {unknown}
 x - a potion of mutation {unknown}
 z - 2 potions of invisibility {unknown}
 A - a potion of magic {unknown}
 B - a potion of agility {unknown}
 E - a potion of resistance {unknown}
 G - a potion of might
Books
 I - a Young Poisoner's Handbook

   Spells                             Type                      Level
   a - Sting                          Conjuration/Poison           1
   b - Cure Poison                    Poison                       2
   c - Mephitic Cloud                 Conjuration/Poison/Air       3
   d - Olgreb's Toxic Radiance        Poison                       4
   e - Venom Bolt                     Conjuration/Poison           5
 O - a book of Air

   Spells                             Type                      Level
   a - Shock                          Conjuration/Air              1
   b - Swiftness                      Charms/Air                   2
   c - Repel Missiles                 Charms/Air                   2
   d - Static Discharge               Conjuration/Air              3
   e - Lightning Bolt                 Conjuration/Air              5
Comestibles
 e - 13 bread rations
 k - 2 meat rations
 M - a fruit
 S - 8 chunks of flesh
 T - a beef jerky


   Skills:
 + Level 8.6(13.6) Fighting
 * Level 10.8(15.8) Axes
 - Level 1.7(6.7) Throwing
 + Level 7.2(12.2) Armour
 - Level 2.6(7.6) Dodging
 + Level 3.6(8.6) Shields


You had 9 spell levels left.
You didn't know any spells.

Dungeon Overview and Level Annotations

Branches:
Dungeon (10/15)            Temple (1/1) D:5
   Lair: D:8-11         Orc: D:9-12

Altars:
Ashenzari
Cheibriados
Dithmenos
Elyvilon
Fedhas
Gozag
Kikubaaqudgha
Makhleb
Nemelex Xobeh
Okawaru
Qazlal
Ru
Sif Muna
Trog
Vehumet
Xom
Yredelemnul
Zin
The Shining One

Shops:
D:9 *[[


Innate Abilities, Weirdness & Mutations

You have claws for hands.
You are surrounded by a mild repulsion field (EV +2).
You are mostly covered in sharp spines.


Message History

The hill giant is struck by your spines.
The hill giant hits you with a giant spiked club!
Your scale mail prevents you from hitting the hill giant.
The hill giant is almost dead.
You slash the hill giant!
The hill giant is almost dead.
The hill giant barely misses you.
You barely miss the hill giant.
The hill giant is almost dead.
You hit the hill giant but do no damage.
The hill giant is almost dead.
The hill giant hits you with a giant spiked club!!!
* * * LOW HITPOINT WARNING * * *
You slash the hill giant!
You kill the hill giant!
Okawaru accepts your kill.
Some of the chunks of flesh in your inventory have rotted away.
The electric eel shoots out a bolt of lightning at you!
The bolt of electricity hits you!
You die...

≈≈≈≈≈≈(≈≈≈≈≈≈≈≈#≈≈≈≈≈≈≈≈≈≈≈
≈≈≈≈#≈≈≈(≈≈≈≈≈≈≈≈≈≈≈≈≈≈≈≈≈≈
##. #≈≈≈#≈≈≈≈≈≈≈≈≈≈≈≈≈≈≈≈#≈
# #.≈;##≈≈≈≈≈≈≈≈≈≈≈≈≈≈.#≈
....?.#).##≈≈≈≈≈#<#≈≈≈##.#.
##.#####)##.≈#####..≈≈.....
# #(.#.#....#.........
##)#.#....#......... #.
#.@.#....#########. #.#
##..#....## #. ######.####
#.>......# #. ..........#
####.....# #. .....##.#
#####.# #. ...##.# #.# #.
#######.##.######## #)# #.
..................#
#.########.
#######.##.######.##
#..........


You could see an electric eel.

Vanquished Creatures
  Urug (D:10)
  Sonja (D:10)
  2 hill giants (D:10)
  A centaur zombie (D:9)
  Grinder (D:3)
  A troll (D:10)
  Sigmund (D:4)
  A spriggan (D:7)
  2 deep elf magi
  2 hungry ghosts
  A water moccasin (D:8)
  2 ice beasts (D:6)
  4 sky beasts
  4 ogres
  An orc warrior (D:9)
  A phantom (D:5)
  2 centaurs
  A necrophage (D:10)
  The ghost of MrTails the Chopper, an amateur DsGl (D:3)
  5 giant frogs
  A gnoll sergeant (D:8)
  A big kobold (D:9)
  A water moccasin skeleton (D:6)
  A wyvern skeleton (D:9)
  A giant frog zombie (D:6)
  2 electric eels (D:7)
  2 jellies
  5 hounds
  3 crimson imps
  4 iguanas
  A quasit (D:9)
  A centaur skeleton (D:10)
  A giant frog skeleton (D:5)
  6 orc wizards
  6 orc priests
  5 worker ants
  A hound skeleton (D:6)
  5 gnolls
  2 worker ant zombies
  10 adders
  2 shadow imps
  7 oozes
  7 worms
  8 giant geckos
  27 orcs
  15 bats
  7 giant cockroaches
  6 goblins
  6 hobgoblins
  6 jackals
  3 quokkas
  3 ball pythons
  10 giant newts
  2 goblin skeletons (D:8)
  4 hobgoblin zombies (D:8)
  11 kobolds
  2 kobold zombies (D:8)
  An orc zombie (D:8)
  15 rats
  5 plants
241 creatures vanquished.

Vanquished Creatures (others)
  A giant frog (D:9)
  4 fungi (D:10)
  A plant (D:7)
6 creatures vanquished.

Grand Total: 247 creatures vanquished

Notes
Turn   | Place    | Note
--------------------------------------------------------------
     0 | D:1      | MrTails the Demonspawn Gladiator began the quest for the Orb.
     0 | D:1      | Reached XP level 1. HP: 16/16 MP: 1/1
   171 | D:1      | Reached skill level 3 in Axes
   350 | D:1      | Gained mutation: You have sharp fingernails. [demonic ancestry]
   350 | D:1      | Reached XP level 2. HP: 15/22 MP: 2/2
   677 | D:1      | Reached XP level 3. HP: 21/28 MP: 3/3
   968 | D:2      | Found a shimmering altar of Xom.
   969 | D:2      | Found a radiant altar of Vehumet.
  1010 | D:2      | Found a burning altar of Makhleb.
  1107 | D:2      | Found a basalt altar of Yredelemnul.
  1712 | D:3      | Gained mutation: You are partially covered in sharp spines. [demonic ancestry]
  1712 | D:3      | Reached XP level 4. HP: 35/35 MP: 4/4
  1923 | D:3      | Reached skill level 4 in Axes
  1923 | D:3      | Reached skill level 1 in Armour
  1929 | D:3      | Gained mutation: You have very sharp fingernails. [demonic ancestry]
  1929 | D:3      | Reached XP level 5. HP: 39/41 MP: 5/5
  1962 | D:3      | Noticed Grinder
  1992 | D:3      | Killed Grinder
  1992 | D:3      | Reached skill level 5 in Axes
  1992 | D:3      | Gained mutation: You have claws for hands. [demonic ancestry]
  1992 | D:3      | Reached XP level 6. HP: 11/48 MP: 1/6
  2262 | D:3      | Found a sacrificial altar of Ru.
  2438 | D:3      | Noticed MrTails's ghost (amateur DsGl)
  2448 | D:3      | Killed MrTails's ghost
  2674 | D:4      | Gained mutation: You are mostly covered in sharp spines. [demonic ancestry]
  2674 | D:4      | Reached XP level 7. HP: 12/55 MP: 1/7
  3227 | D:4      | Noticed Sigmund
  3240 | D:4      | Killed Sigmund
  3240 | D:4      | Reached skill level 6 in Axes
  3381 | D:5      | Entered Level 5 of the Dungeon
  3565 | D:5      | Reached skill level 5 in Fighting
  3822 | D:5      | Found a staircase to the Ecumenical Temple.
  3831 | Temple   | Entered the Ecumenical Temple
  3892 | Temple   | Became a worshipper of Warmaster Okawaru
  4237 | D:6      | Reached XP level 8. HP: 62/62 MP: 8/8
  4299 | D:6      | Reached skill level 7 in Axes
  4300 | D:6      | Found an opulent altar of Gozag.
  4447 | D:6      | Reached * piety under Okawaru
  4827 | D:6      | Found a glowing drain.
  4831 | Sewer    | Entered a sewer
  5742 | D:6      | Reached skill level 8 in Axes
  5914 | D:7      | Reached XP level 9. HP: 49/69 MP: 5/9
  6026 | D:7      | Reached skill level 5 in Armour
  7253 | D:8      | Found a glowing golden altar of the Shining One.
  7258 | D:8      | Reached skill level 9 in Axes
  7763 | D:9      | Found Qourph's General Store.
  7766 | D:9      | Bought a scroll of magic mapping for 49 gold pieces
  7850 | D:9      | Reached ** piety under Okawaru
  7863 | D:9      | Reached skill level 1 in Shields
  7876 | D:9      | Found a shattered altar of Ashenzari.
  7883 | D:9      | Noticed a centaur zombie
  7894 | D:9      | Killed a centaur zombie
  8019 | D:9      | Found Ynesiq's Antique Armour Boutique.
  8026 | D:9      | Bought a runed scale mail for 88 gold pieces
  8026 | D:9      | Bought a shiny buckler for 99 gold pieces
  8084 | D:9      | Gained mutation: You are surrounded by a mild repulsion field (EV +2). [demonic ancestry]
  8084 | D:9      | Reached XP level 10. HP: 80/80 MP: 10/10
  8256 | D:9      | Found Puaj's Assorted Antiques.
  8261 | D:9      | Found Xeisaso's Armour Shoppe.
  8363 | D:10     | Entered Level 10 of the Dungeon
  8375 | D:10     | Noticed Urug
  8391 | D:10     | Killed Urug
  8391 | D:10     | Reached *** piety under Okawaru
  8391 | D:10     | Reached skill level 10 in Axes
  8584 | D:10     | Noticed a hill giant
  8590 | D:10     | Killed a hill giant
  8631 | D:10     | Reached **** piety under Okawaru
  8680 | D:10     | Noticed Sonja
  8699 | D:10     | Noticed a hill giant
  8702 | D:10     | Killed Sonja
  8716 | D:10     | HP: 4/82 [hill giant/giant spiked club (30)]
  8717 | D:10     | Killed a hill giant
  8718 | D:10     | Killed from afar by an electric eel

Action                   |  1- 3 |  4- 6 |  7- 9 | 10-12 || total
-------------------------+-------+-------+-------+-------++-------
Melee: War axe           |   183 |    57 |   281 |   117 ||   638
       Unarmed           |       |       |     1 |       ||     1
Invok: Heroism           |       |       |       |     2 ||     2
  Use: Scroll            |       |       |    13 |       ||    13
       Potion            |       |       |     1 |     3 ||     4
  Eat: Chunk             |     3 |     3 |     5 |       ||    11
       Fruit             |       |       |     6 |       ||     6
       Beef jerky        |       |       |     1 |       ||     1
       Meat ration       |       |       |     2 |       ||     2
